 Dungeon Crawl Stone Soup version 0.26-a0-542-gbaa144ba5c (webtiles) character file.

Game seed: 18069137570079901984

1106 ReteAZ the Carver (level 8, -5/58 HPs)
             Began as a Human Fighter on Aug 17, 2020.
             Killed by nerve-wracking pain
             ... invoked by Grinder
              (6 damage)
             ... while paralysed by Grinder
             ... on level 5 of the Dungeon.
             The game lasted 00:06:10 (6927 turns).

ReteAZ the Carver (Human Fighter)                   Turns: 6927, Time: 00:06:11

Health: -5/58      AC: 11    Str: 20    XL:     8   Next: 58%
Magic:  8/8        EV:  2    Int:  8    God:
Gold:   354        SH:  0    Dex: 12    Spells: 7/7 levels left

rFire    x . .     SeeInvis .   u - +1 rapier (drain)
rCold    + + .     Faith    .   c - +0 kite shield
rNeg     . . .     Spirit   .   v - +0 ice dragon scales (curse)
rPois    .         Reflect  .   (no helmet)
rElec    .         Harm     .   (no cloak)
rCorr    .                      (no gloves)
MR       .....                  (no boots)
Stlth    ..........             (no amulet)
HPRegen  0.19/turn              (no ring)
MPRegen  0.11/turn              (no ring)

@: paralysed
A: no striking features
a: no special abilities


You were on level 5 of the Dungeon.
You visited 1 branch of the dungeon, and saw 5 of its levels.

You collected 354 gold pieces.

Inventory:

Hand Weapons
 a - a +0 long sword
 u - a +1 rapier of draining (weapon)
Armour
 b - a +0 scale mail
 c - a +0 kite shield (worn)
 p - a +0 tower shield
 v - cursed +0 ice dragon scales (worn)
Wands
 o - a wand of polymorph (3)
 r - a wand of random effects (20)
 w - a wand of enslavement (8)
Scrolls
 e - 3 scrolls of teleportation {unknown}
 f - 6 scrolls of identify {unknown}
 g - a scroll of noise {unknown}
 h - 2 scrolls of enchant weapon {unknown}
 i - 2 scrolls of fog {unknown}
 k - 8 scrolls of remove curse {unknown}
 s - a scroll of random uselessness {unknown}
 t - 2 scrolls of enchant armour {unknown}
 y - a scroll of acquirement {unknown}
Potions
 d - a potion of might
 j - 3 potions of lignification {unknown}
 l - 4 potions of heal wounds {unknown}
 m - a potion of curing {unknown}
 n - a potion of flight {unknown}
 q - a potion of brilliance {unknown}
 x - a potion of cancellation {unknown}


   Skills:
 - Level 3.0 Fighting
 * Level 8.1 Long Blades
 + Level 6.1 Armour
 - Level 3.0 Shields


You had 7 spell levels left.
You didn't know any spells.
Your spell library was empty.

Dungeon Overview and Level Annotations

Branches:
Dungeon (5/15)
 Temple: D:4-7

Altars:
Fedhas
Nemelex Xobeh
Vehumet
Zin

Annotations:
D:4 2 runed translucent doors, Askman's ghost, amateur DDFi
D:5 Grinder; Menkaure


Message History

Grinder hits you but does no damage.
You can move again.
Unknown command.
Unknown command.
You hit Grinder.
Grinder is severely wounded.
You block Grinder's attack.
You closely miss Grinder.
Grinder is severely wounded.
Grinder hits you.
You writhe in agony.
You hit Grinder.
Grinder is almost dead.
Grinder gestures at you.
You suddenly lose the ability to move!
Grinder zaps a wand.
The puff of flame hits you!! The fire burns you terribly!
* * * LOW HITPOINT WARNING * * *
Grinder hits you but does no damage. Grinder gestures at you.
Pain shoots through your body!
You die...

##...###..#.##..##
#....#......##..#.
#.................
#............#....
#.#.........##.#..
#.#...............
#####.#..#......##)...
###.....).......######..
#######...##.@.#...#..# ###...
####.....#.#....5.#..##..###.....
...#.................##......##..
...#.........###.....#.)(........
...#####.....###....##.###+###...
....................##.# #...
.....#####..........##.###.###.(#
...### #....#.#.....#.###_..+...
...# #...##.#.......###.###...


You could see Grinder.

Vanquished Creatures
  A phantom (D:5)
  3 ogres
  A bullfrog (D:4)
  A scorpion (D:4)
  A jelly (D:5)
  2 hounds
  A centaur skeleton (D:4)
  A gnoll shaman (D:4)
  3 orc priests
  Ijyb (D:4)
  Natasha (thrice) (D:3)
  An orc wizard (D:2)
  2 worker ants (D:4)
  A hound skeleton (D:5)
  A worker ant zombie (D:5)
  6 adders
  8 gnolls
  An ooze (D:3)
  3 worms
  2 dart slugs
  3 leopard geckos
  7 orcs
  4 bats
  4 giant cockroaches
  9 goblins
  6 hobgoblins
  11 jackals
  6 kobolds
  A quokka (D:5)
  3 frilled lizards
  A jackal skeleton (D:5)
  6 rats
104 creatures vanquished.

Vanquished Creatures (others)
  An orc (D:2)
  A kobold (D:2)
2 creatures vanquished.

Grand Total: 106 creatures vanquished

Notes
Turn   | Place    | Note
-------+----------+-------------------------------------------
     0 | D:1      | ReteAZ the Human Fighter began the quest for the Orb.
     0 | D:1      | Reached XP level 1. HP: 18/18 MP: 1/1
     5 | D:1      | Noticed an electric eel
   161 | D:1      | Reached XP level 2. HP: 18/24 MP: 2/2
   683 | D:1      | Reached skill level 3 in Long Blades
   939 | D:2      | Reached XP level 3. HP: 17/29 MP: 3/3
  1248 | D:2      | Found a radiant altar of Vehumet.
  1621 | D:2      | Reached XP level 4. HP: 22/35 MP: 4/4
  1985 | D:2      | Reached skill level 4 in Long Blades
  2006 | D:2      | Reached XP level 5. HP: 11/41 MP: 5/5
  3155 | D:3      | Noticed Natasha
  3163 | D:3      | Killed Natasha
  3223 | D:3      | Found a blossoming altar of Fedhas.
  3363 | D:3      | Noticed Natasha
  3367 | D:3      | Reached XP level 6. HP: 47/47 MP: 6/6
  3380 | D:3      | Reached skill level 5 in Long Blades
  3397 | D:3      | Killed Natasha
  3891 | D:3      | Noticed Natasha
  3898 | D:3      | Killed Natasha
  4041 | D:3      | Found a blossoming altar of Fedhas.
  4554 | D:4      | Noticed an ogre
  4562 | D:4      | Killed an ogre
  4562 | D:4      | Reached XP level 7. HP: 27/52 MP: 7/7
  4570 | D:4      | Reached skill level 6 in Long Blades
  4951 | D:4      | Found a runed translucent door.
  4953 | D:4      | Noticed Askman's ghost (amateur DDFi)
  4999 | D:4      | Reached skill level 5 in Armour
  5408 | D:4      | Found a sparkling altar of Nemelex Xobeh.
  6008 | D:4      | Reached skill level 7 in Long Blades
  6008 | D:4      | Reached XP level 8. HP: 58/58 MP: 8/8
  6178 | D:4      | Found a runed translucent door.
  6498 | D:5      | Entered Level 5 of the Dungeon
  6597 | D:5      | Noticed Ijyb
  6599 | D:5      | Noticed Menkaure
  6604 | D:5      | Paralysed by Ijyb for 5 turns
  6625 | D:4      | Killed Ijyb
  6730 | D:5      | Found a glowing silver altar of Zin.
  6866 | D:5      | Reached skill level 8 in Long Blades
  6894 | D:5      | Noticed Grinder
  6917 | D:5      | Paralysed by Grinder for 5 turns
  6924 | D:5      | Paralysed by Grinder for 4 turns
  6925 | D:5      | HP: 1/58 [Grinder/puff of flame (18)]
  6927 | D:5      | Killed from afar by Grinder

Illustrated notes

Levels and vault maps discovered:
D:1:      arrival_aquarium_a, layout_loops_ring
D:2:      layout_basic, fiery_altar_vehumet, kennysheep_minor_cross
D:3:      layout_basic, lemuel_round_altar, uniq_natasha
D:4:      layout_basic, kennysheep_little_box, ebering_ghost_sewer_f,
          grunt_decor_mini_mirrors, minmay_fractal_squares_gapless_5
D:5:      layout_rooms, lemuel_round_altar, lemuel_doored_altar,
          grunt_dithmenos_shadows, uniq_menkaure, uniq_ijyb, uniq_grinder

Skill      XL: |  1  2  3  4  5  6  7  8 |
---------------+-------------------------+-----
Long Blades    | 3 4 5 7 8 |  8.1
Armour         | 4 5 6 |  6.1
Fighting       | |  3.0
Shields        | |  3.0

Action                   |  1- 3 |  4- 6 |  7- 9 || total
-------------------------+-------+-------+-------++-------
Melee: Long sword        |   114 |   157 |   102 ||   373
       Rapier            |       |       |    84 ||    84
Evoke: Wand              |       |       |     6 ||     6
Armor: Scale mail        |    58 |    73 |    30 ||   161
       Ice dragon scales |       |       |    38 ||    38
Dodge: Dodged            |    32 |    66 |    60 ||   158
Block: Kite shield       |    45 |    85 |    84 ||   214
       Rpst.: Long sword |    13 |    19 |     8 ||    40

Table legend: (Time is in decaauts)
 A = Elapsed time spent in this place.
 B = Non-inter-level travel time spent in this place.
 C = Inter-level travel time spent in this place.
 D = Time resting spent in this place.
 E = Time spent auto-exploring this place.
 F = Levels seen in this place.
 G = Mean time per level.
                   A        B        C        D        E       F      G
               +--------+--------+--------+--------+--------+-----+--------+
         Total |   7035 |   6813 |    222 |   1169 |   4556 |   5 | 1407.0 |
       Dungeon |   7035 |   6813 |    222 |   1169 |   4556 |   5 | 1407.0 |
               +--------+--------+--------+--------+--------+-----+--------+

Top non-repeatable levels by time:
     D:3: 2627 daAuts
     D:4: 1654 daAuts
     D:2: 1505 daAuts
     D:1: 894 daAuts
     D:5: 352 daAuts
